 Dungeon Crawl Stone Soup version 0.29.0-4-gdea44cf6ec (webtiles) character file.

Game seed: 2750442200155772832

14 qw the Sneak (level 2, -1/19 HPs)
             Began as a Gargoyle Delver on Sept 10, 2022.
             Slain by an orc
             ... wielding a +4 dagger
              (5 damage)
             ... on level 3 of the Dungeon.
             The game lasted 00:00:09 (276 turns).

qw the Sneak (Gargoyle Delver)                       Turns: 276, Time: 00:00:09

Health: -1/19      AC:  5    Str: 15    XL:     2   Next: 41%
Magic:  2/2        EV: 11    Int: 10    God:
Gold:   7          SH:  0    Dex: 11    Spells: 1/1 levels left

rFire   . . .      SeeInvis .   a - +0 hand axe
rCold   . . .      Faith    .   (no shield)
rNeg    + . .      Spirit   .   b - +0 leather armour
rPois   inf        Reflect  .   (no helmet)
rElec   +          Harm     .   (no cloak)
rCorr   .          Rampage  .   (no gloves)
Will    .....                   (no boots)
Stlth   +++.......              (no amulet)
HPRegen 0.06/turn               (no ring)
MPRegen 0.08/turn               (no ring)

@: no status effects
A: sickness immunity, AC +2, negative energy resistance 1, electricity
resistance, torment resistance 1, petrification resistance
a: no special abilities


You were on level 3 of the Dungeon.
You visited 1 branch of the dungeon, and saw 3 of its levels.

You collected 7 gold pieces.


Innate Abilities, Weirdness & Mutations

You are immune to sickness and miasma.
Your stone body is resilient. (AC +2)
You are immune to poison.
You resist negative energy. (rN+)
You are resistant to electric shocks. (rElec)
You are resistant to unholy torment.
You are immune to petrification.


   Skills:
 - Level 3.2 Fighting
 + Level 2.7 Axes
 - Level 1.5 Dodging
 - Level 5.4 Stealth


You had one spell level left.
You didn't know any spells.
Your spell library was empty.

Inventory:

Hand Weapons
 a - a +0 hand axe (weapon)
 d - a +0 club
Armour
 b - a +0 leather armour (worn)
Wands
 g - a wand of digging (3)
Potions
 c - a potion of brilliance {unknown}
 f - a potion of haste

Dungeon Overview and Level Annotations

Branches:
Dungeon (5/15)
 Temple: D:4-7

Altars:


Message History

You climb upwards.
There is a stone staircase leading down here.
Existing waypoints: (1) D:4 (2) D:5 Assign waypoint to what number? (0-9, D - delete waypoint) Waypoint 2 re-assigned from D:5 to D:3.
The orc shouts!
You hear a shout!
A bat comes into view.
You hit the orc.
The orc is severely wounded.
The orc hits you with a +0 whip.
You hit the orc.
You kill the orc!
The bat misses you.
You closely miss the bat. The bat closely misses you. The bat misses you.
The bat closely misses you.
An orc comes into view. It is wielding a +4 dagger.
The bat hits you but does no damage.
You closely miss the bat. The bat closely misses you.
The bat hits you but does no damage.
You hit the orc but do no damage. You punch the orc, but do no damage.
You hit the bat. The bat hits you but does no damage.
The orc hits you with a +4 dagger.
You barely miss the orc. The bat closely misses you.
The orc closely misses you. The orc hits you with a +4 dagger.
You barely miss the orc. The bat barely misses you.
The bat hits you but does no damage. The orc hits you with a +4 dagger.
You hit the bat.
The bat is severely wounded.
You hit the orc but do no damage.
The bat barely misses you. x2; The orc hits you with a +4 dagger.
You hit the bat.
You kill the bat!
You closely miss the orc. The orc hits you with a +4 dagger.
You die...

.. .# #. ..
.# # .# #
#.##o##...#
#..@%.....#
##.#.#....#
... ... .##
###. .#.#
#. ...# #.
.# # .. .#
## ..


You could see an orc.

Vanquished Creatures
  An adder (D:4)
  An orc (D:3)
  An endoplasm (D:4)
  A goblin (D:4)
  A bat (D:3)
5 creatures vanquished.

Notes
Turn   | Place    | Note
-------+----------+-------------------------------------------
     0 | D:5      | qw the Gargoyle Delver began the quest for the Orb.
     0 | D:5      | Reached XP level 1. HP: 14/14 MP: 1/1
     0 | D:5      | 0 ||| qw: Version: 0.1-a-116-g5d60599
     0 | D:5      | 0 ||| qw: Game counter: 7768
     0 | D:5      | 0 ||| qw: Always use a shield: true
     0 | D:5      | 0 ||| qw: God list: Okawaru
     0 | D:5      | 0 ||| qw: Allow faded altars: false
     0 | D:5      | 0 ||| qw: Do Orc after D:15 true
     0 | D:5      | 0 ||| qw: Do second Lair branch before Depths: true
     0 | D:5      | 0 ||| qw: Lair rune preference: random
     0 | D:5      | 0 ||| qw: Plans: Normal
     0 | D:5      | 0 ||| PLANNING D:1-11
     0 | D:5      | 0 ||| DROPPING scroll of fog.
     1 | D:5      | 1 ||| DROPPING scroll of magic mapping.
     2 | D:5      | 2 ||| DROPPING scroll of fear.
     8 | D:4      | 8 ||| PLANNING SEWER
    68 | D:4      | Reached XP level 2. HP: 10/19 MP: 2/2
   238 | D:4      | 238 ||| FLEEEEING.
   242 | D:4      | 242 ||| FLEEEEING.
   243 | D:4      | 243 ||| FLEEEEING.
   244 | D:4      | 244 ||| FLEEEEING.
   245 | D:4      | 245 ||| FLEEEEING.
   246 | D:4      | 246 ||| FLEEEEING.
   250 | D:4      | 250 ||| FLEEEEING.
   251 | D:4      | 251 ||| FLEEEEING.
   252 | D:4      | 252 ||| FLEEEEING.
   253 | D:4      | 253 ||| FLEEEEING.
   254 | D:4      | 254 ||| FLEEEEING.
   255 | D:4      | 255 ||| FLEEEEING.
   256 | D:4      | 256 ||| FLEEEEING.
   258 | D:4      | 258 ||| STAIRDANCE
   275 | D:3      | HP: 4/19 [orc/+4 dagger (3)]
   276 | D:3      | Slain by an orc

Levels and vault maps discovered:
D:3:      layout_loops_ring, nicolae_kikubaaqudgha_miasma_corner
D:4:      layout_loops_ring, serial_shops, nicolae_shop_window_shopping,
          gup_sewer_entry_spiral, hangedman_decor_diamond_cutter, minivault_1,
          uniq_robin
D:5:      layout_rooms, mainiacjoe_overflow_swirl,
          mainiacjoe_overflow_surrounded_room, dreamdust_princess_corridor,
          minmay_fire_ice_demons, uniq_crazy_yiuf_cottage

Skill      XL: |  1 |
---------------+----+-----
Axes           | 2 |  2.7
Fighting       | |  3.2
Dodging        | |  1.5
Stealth        | |  5.4

Action                   || total
-------------------------++-------
Melee: Hand axe          ||    23
       Punch             ||     1
 Stab: Sleeping          ||     1
Armor: Leather armour    ||     9
Dodge: Dodged            ||    15

Table legend:
 A = Non-vault XP
 B = Vault XP
 C = Vault XP percentage of total XP
 D = Non-vault monster count
 E = Vault monster count
 F = Vault count percentage of total count
                 A         B        C        D         E       F
            +---------+---------+-------+---------+---------+-------
      Total |      21 |       0 |   0.0 |       5 |       0 |   0.0
            +---------+---------+-------+---------+---------+-------
        D:3 |       4 |       0 |   0.0 |       2 |       0 |   0.0
        D:4 |      17 |       0 |   0.0 |       3 |       0 |   0.0
            +---------+---------+-------+---------+---------+-------
